cohdb
Replays
Latest Replays
All Replays
Popular Replays
Top Player Replays
Match Explorer
How It Works
Community
CoH3 Stats
Reddit
Sign in to upload your games and track your stats! →
Sign in with Steam
Match 44616369
Unlisted
Match 44616369
Overview
Messages
Build Orders
End
Construct Section Command Post
Vickers Machine Gun Team
Royal Engineer Section
ML 3-inch Mortar Team
Selects Indian Artillery Battlegroup
Infantry Section
Construct Platoon Command Post
Humber Armored Car
Selects Valour
Infantry Section
Unlock Bishop Self-propelled Artillery
Selects Towed ML 4.2-inch Heavy Mortar
Bishop Self-propelled Artillery
Selects Gurkha Rifles Section
Humber Armored Car
Selects Off-map Airburst Barrage
Off-map Airburst Barrage
6-pounder Anti-tank Gun Team
Etgo
Hk
Jarkke
Setti-Veke
BusanStyle
Sturmbock80
風行者
Siso
0
0
Comments
sign in to comment!
No comments posted yet!